 Dungeon Crawl Stone Soup version 0.31-a0-1010-g5322dac6a2 (webtiles) character file.

Game seed: 3267566096833991625

65 kae the Ruffian (level 3, 0/28 HPs)
             Began as a Demigod Shapeshifter on Nov 16, 2023.
             Slain by a gnoll
             ... wielding a +0 spear
              (7 damage)
             ... on level 2 of the Dungeon.
             The game lasted 00:01:16 (1488 turns).

kae the Ruffian (Demigod Shapeshifter)              Turns: 1488, Time: 00:01:16

Health: 0/28       AC:  2    Str: 19    XL:     3   Next: 66%
Magic:  5/5        EV: 12    Int: 12    God:
Gold:   121        SH:  0    Dex: 13    Spells: 2/2 levels left

rFire   . .          .
                       - Unarmed
rCold   . . .        (no shield)
rNeg    + . .        a - +0 animal skin
rPois   .            (helmet currently unavailable)
rElec   .            (cloak currently unavailable)
rCorr   .            (gloves currently unavailable)
SInv    .            (boots currently unavailable)
Will    .....        (no amulet)
Stlth   +            N - ring of positive energy
HPRegen 0.24/turn    (no ring)
MPRegen 0.09/turn

%: no passive effects
@: beast-form
A: beast (slay +1), high MP 1, forlorn, divine attributes
a: Begin Untransformation


You were on level 2 of the Dungeon.
You were a hulking beast.
You visited 1 branch of the dungeon, and saw 2 of its levels.

You collected 121 gold pieces.


Innate Abilities, Weirdness & Mutations

You are a hulking beast.
Your limbs bulge with bestial killing power. (Slay +1)
You have an increased reservoir of magic. (+10% MP)
You shall have no god before yourself.
Your divine heritage dramatically boosts your attributes as you level up.


   Skills:
 + Level 1.4 Fighting
 + Level 2.2 Dodging
 * Level 3.4 Unarmed Combat
 * Level 3.2 Shapeshifting


You had 2 spell levels left.
You didn't know any spells.
Your spell library was empty.

Inventory:

Missiles
 l - 11 stones
Armour
 a - a +0 animal skin (worn)
Jewellery
 F - a ring of fire
   (You found it on level 1 of the Dungeon)
 N - a ring of positive energy (left hand)
   (You found it on level 1 of the Dungeon)
Talismans
 c - a beast talisman
 d - a flux talisman
Scrolls
 e - a scroll of enchant weapon
 f - 2 scrolls of teleportation {@r4}
 g - a scroll of identify {@r1}
 i - a scroll of immolation {unknown}
 j - 2 scrolls of fear {unknown}
 o - a scroll of revelation {unknown}
Potions
 b - a potion of lignification {!q}
 h - 2 potions of curing {unknown}
 k - a potion of enlightenment {unknown}
 m - 2 potions of degeneration {unknown}
 n - a potion of attraction {unknown}

Dungeon Overview and Level Annotations

Branches:
Dungeon (2/15) Zot: 10517

Shops:
D:2

= #..##### #. #.# ...# #.
#.#.# #.## ##.## #.#.#
#####...##### #.#.#
............# #.#.#
#..g..gg#.# #.#.# ##
#.#####g#.## #.#.# P#
#K...###.#.###### ~##
#h.....†.......... ~.#
#...†###)..####### ~.#
#..........# ~P##
....#.####...# #### ~.P###
##........#...# #... ..P#.#
#.###.##.#...####.## ####.#
#.# #.............# .....#
#.# ####.#...######
.##..#########.######.#...#


You could see 3 gnolls and a kobold.


Message History

You punch the quokka!
You kill the quokka!
You see here a quokka corpse.
No target in view!
No target in view!
No target in view!
No target in view!
You start resting. 😕 HP[+1]
You see here a red potion.
A ball python is nearby!
The ball python hisses angrily.
You see here a bat corpse.
The ball python barely misses you. The ball python grabs you.
The ball python constricts you.
You hit the ball python.
You kill the ball python! 😕 HP[+1]
You see here a bat corpse.
m - 2 red potions (gained 1) Key pressed, stopping explore.
No target in view!
No target in view! 😎 HP[+4]
Your hp is fully restored (28).
i - a scroll labelled HEODIUCYRU A goblin is nearby!
The goblin barely misses you.
You hit the goblin.
The goblin hits you with a +0 club. 😕 HP[-2]
You take 2 damage, and now have 26/28 hp.
A goblin is nearby!
A goblin is nearby!
You closely miss the goblin. You closely miss the goblin.
The goblin hits you with a +0 club. 😕 HP[-4]
You take 4 damage, and now have 22/28 hp.
A goblin is nearby!
You hit the goblin.
You kill the goblin!
No target in view! 😕 HP[+1]
f - 2 scrolls of teleportation {@r4} (gained 1)
You now have 114 gold pieces (gained 5).
You now have 121 gold pieces (gained 7).
Key pressed, stopping explore.
No target in view!
No target in view! 😎 HP[+5]
Your hp is fully restored (28).
A rat comes into view.
The rat twitches its whiskers.
Found a stone staircase leading down.
The rat closely misses you.
A rat is nearby!
You hit the rat.
You kill the rat!
No target in view!
You see here a rat corpse.
A bat comes into view.
You hit the bat.
You kill the bat!
No target in view!
n - a glowing purple potion
o - a scroll labelled YRCHEU TEUNUYZ No target in view!
No target in view!
A kobold comes into view. It is wielding a +0 dagger.
The kobold shouts!
The gnoll shouts!
You see here 9 gold pieces.
There are monsters nearby!
You barely miss the kobold.
The gnoll shouts!
The kobold hits you but does no damage.
You barely miss the gnoll. The kobold closely misses you.
The gnoll hits you with a +0 club!
There are monsters nearby!
You are too injured to fight recklessly!
You are too injured to fight recklessly! 😮 HP[-9]
You take 9 damage, and now have 19/28 hp.
MASSIVE DAMAGE!! (PAUSE)
The gnoll attacks as it pursues you! The gnoll barely misses you.
The gnoll attacks as it pursues you!
The gnoll hits you from afar with a +0 spear.
You see here 9 gold pieces. 😮 HP[-3]
You take 3 damage, and now have 16/28 hp.
The gnoll attacks as it pursues you!
The gnoll hits you from afar with a +0 spear!
* * * LOW HITPOINT WARNING * * *
😱 HP[-10]
You take 10 damage, and now have 6/28 hp.
MASSIVE DAMAGE!! (PAUSE) 😱 HP[+1]
There is a stone staircase leading down here.
The kobold hits you but does no damage.
The gnoll hits you from afar with a +0 spear!
You die...

Skill      XL: |  1  2 |
---------------+-------+-----
Fighting       | 1 |  1.4
Unarmed Combat | 3 |  3.4
Dodging        | 2 |  2.2
Shapeshifting  | 3 |  3.2

Action                     || total
---------------------------++-------
  Melee: Unarmed           ||   119
         Punch             ||     7
    Use: Scroll            ||     4
   Stab: Sleeping          ||     1
 Armour: Animal skin       ||    73
  Dodge: Dodged            ||    85

Levels and vault maps discovered:
D:1:      saegor_arrival_simple_d, layout_loops_ring, minmay_misc_feat_chi,
          minivault_26
D:2:      minmay_spotlight, layout_loops_ring,
          shapermc_ecumenical_altar_hornbeckon, serial_shops,
          nicolae_shop_tiny_waterfront

Notes
Turn   | Place    | Note
-------+----------+-------------------------------------------
     0 | D:1      | kae the Demigod Shapeshifter began the quest for the Orb.
     0 | D:1      | Reached XP level 1. HP: 15/15 MP: 3/3
     0 | D:1      | magus.rc [v1.11.3]
    47 | D:1      | Reached skill level 1 in Fighting
   257 | D:1      | Reached XP level 2. HP: 23/23 MP: 4/4
   296 | D:1      | Reached skill level 3 in Unarmed Combat
   360 | D:1      | Reached skill level 2 in Dodging
   742 | D:2      | Reached skill level 3 in Shapeshifting
   946 | D:2      | HP: 3/23 [gnoll/+0 spear (4)]
   953 | D:2      | HP: 2/23 [adder (3)]
   959 | D:2      | Reached XP level 3. HP: 3/28 MP: 5/5
  1114 | D:2      | Found Oruoge's Jewellery Emporium.
  1485 | D:2      | HP: 6/28 [gnoll/+0 spear (10)]
  1488 | D:2      | Slain by a gnoll

Vanquished Creatures
  A gnoll (D:2)
  An adder (D:2)
  A worm (D:2)
  A dart slug (D:1)
  4 endoplasms
  5 giant cockroaches
  5 goblins
  2 hobgoblins (D:2)
  3 quokkas
  4 ball pythons
  7 bats
  2 frilled lizards (D:1)
  2 kobolds (D:2)
  2 rats
40 creatures vanquished.

Table legend:
 A = Non-vault XP
 B = Vault XP
 C = Vault XP percentage of total XP
 D = Non-vault monster count
 E = Vault monster count
 F = Vault count percentage of total count
                 A         B        C        D         E       F
            +---------+---------+-------+---------+---------+-------
      Total |      72 |      21 |  22.6 |      34 |       6 |  15.0
            +---------+---------+-------+---------+---------+-------
        D:1 |      35 |       0 |   0.0 |      20 |       0 |   0.0
        D:2 |      37 |      21 |  36.2 |      14 |       6 |  30.0
            +---------+---------+-------+---------+---------+-------

Skill      XL: |  1  2 |
---------------+-------+-----
Fighting       | 1 |  1.4
Unarmed Combat | 3 |  3.4
Dodging        | 2 |  2.2
Shapeshifting  | 3 |  3.2

Action                     || total
---------------------------++-------
  Melee: Unarmed           ||   119
         Punch             ||     7
    Use: Scroll            ||     4
   Stab: Sleeping          ||     1
 Armour: Animal skin       ||    73
  Dodge: Dodged            ||    85

Illustrated notes

Table legend:
 A = Kills in this place as a percentage of kills in the entire game.
 B = Kills by you in this place as a percentage of kills by you in the entire game.
 C = Kills by friends in this place as a percentage of kills by friends in the entire game.
 D = Other kills in this place as a percentage of other kills in the entire game.
 E = Experience gained in this place as a percentage of experience gained in the entire game.
 F = Experience gained in this place divided by the number of levels of this place that you have seen.
                   A       B       C       D       E      F
               +-------+-------+-------+-------+-------+----------------------
         Total | 100.0 | 100.0 |   N/A |   N/A | 100.0 |  46.5
       Dungeon | 100.0 | 100.0 |   N/A |   N/A | 100.0 |  46.5
               +-------+-------+-------+-------+-------+----------------------

Table legend: (Time is in decaauts)
 A = Elapsed time spent in this place.
 B = Non-inter-level travel time spent in this place.
 C = Inter-level travel time spent in this place.
 D = Time resting spent in this place.
 E = Time spent auto-exploring this place.
 F = Levels seen in this place.
 G = Mean time per level.
                   A        B        C        D        E       F      G
               +--------+--------+--------+--------+--------+-----+--------+
         Total |   1481 |   1454 |     27 |    121 |   1051 |   2 |  740.5 |
       Dungeon |   1481 |   1454 |     27 |    121 |   1051 |   2 |  740.5 |
               +--------+--------+--------+--------+--------+-----+--------+

Top non-repeatable levels by time:
     D:2: 769 daAuts
     D:1: 712 daAuts
